 Dungeon Crawl Stone Soup version 0.18.1-8-gdd0e5ea (webtiles) character file.

2967 Gargoyl the Protected (level 9, -3/69 HPs)
             Began as a Demonspawn Abyssal Knight on June 2, 2016.
             Was a Priest of Lugonu.
             Killed by the air
             ... invoked by Gastronok
              (26 damage)
             ... on level 8 of the Dungeon.
             The game lasted 00:17:25 (8089 turns).

Gargoyl the Protected (Demonspawn Abyssal Knight)   Turns: 8089, Time: 00:17:25

Health: -3/69      AC: 35    Str: 24    XL:     9   Next: 52%
Magic:  10/11      EV:  8    Int: 14    God:    Lugonu [***...]
Gold:   414        SH:  0    Dex: 12    Spells: 0 memorised, 8 levels left

rFire  . . .     SeeInvis .     w - +6 hand axe of Dissolution {vamp, -Tele rPois rC- Str+8}
rCold  + . .     Gourm    .     g - +0 plate armour
rNeg   . . .     Faith    .     (no shield)
rPois  +         Spirit   .     (helmet restricted)
rElec  +         Dismiss  .     x - +2 cloak
rCorr  .         Reflect  .     o - +1 pair of gloves
SustAt .         Harm     .     B - +0 pair of boots
MR     .....     NoTele   +     (no amulet)
Stlth  ..........               a - ring of protection from cold
                                d - ring of poison resistance

@: slowed, very slow, not resistant to hostile enchantments, extremely
unstealthy
A: antennae 1, thin metallic scales 3, cold resistance 1, icemail, freezing
cloud immunity
a: Depart the Abyss, Bend Space, Banish, Renounce Religion


You were on level 8 of the Dungeon.
You worshipped Lugonu.
Lugonu was most pleased with you.
You were not hungry.

You visited 1 branch of the dungeon, and saw 8 of its levels.
You visited the Abyss 1 time.
You also visited: Sewer.

You collected 414 gold pieces.

Inventory:

Hand Weapons
 h - a +4 spear
 q - a +5 hand axe
 w - the +6 hand axe of Dissolution (weapon) {vamp, -Tele rPois rC- Str+8}
   (You found it on level 4 of the Dungeon)

   It inflicts no extra harm, but heals its wielder somewhat when it strikes a
   living foe.
   It affects your strength (+8).
   It makes you vulnerable to cold.
   It protects you from poison.
   It prevents most forms of teleportation.
Missiles
 b - 8 javelins (quivered)
 r - 5 tomahawks
Armour
 g - a +0 plate armour (worn)
 o - a +1 pair of gloves (worn)
 x - a +2 cloak (worn)
 B - a +0 pair of boots (worn)
Jewellery
 a - a ring of protection from cold (right hand)
 d - a ring of poison resistance (left hand)
Wands
 k - a wand of iceblast (6/15)
 s - a wand of polymorph (13/24)
Scrolls
 l - 4 scrolls of identify
 n - 2 scrolls of magic mapping
 p - a scroll of fear
 v - 2 scrolls of remove curse
Potions
 e - 2 potions of curing
 t - a potion of brilliance
Books
 j - a book of Death

   Spells                             Type                      Level
   a - Corpse Rot                     Necromancy                   2
   b - Sublimation of Blood           Necromancy                   2
   c - Agony                          Necromancy                   5
   d - Dispel Undead                  Necromancy                   5
   e - Excruciating Wounds            Charms/Necromancy            5
   f - Bolt of Draining               Conjuration/Necromancy       5
 m - a book of the Sky

   Spells                             Type                      Level
   a - Summon Lightning Spire         Summoning/Air                4
   b - Airstrike                      Air                          4
   c - Silence                        Hexes/Air                    5
   d - Deflect Missiles               Charms/Air                   6
   e - Conjure Ball Lightning         Conjuration/Air              6
   f - Tornado                        Air                          9
Comestibles
 c - 6 bread rations
 i - 2 meat rations
 u - 2 beef jerkies
 z - a chunk of flesh


   Skills:
 + Level 6.2 Fighting
 + Level 5.9 Axes
 + Level 0.8 Throwing
 * Level 9.1 Armour
 + Level 2.3 Dodging
 + Level 0.2 Stealth
 + Level 3.9 Invocations


You had 8 spell levels left.
You didn't know any spells.

Dungeon Overview and Level Annotations

Branches:
Dungeon (8/15)             Temple (0/1) D:4
   Lair: D:8-11

Altars:
Ashenzari
Cheibriados
Dithmenos
Gozag
Kikubaaqudgha
Makhleb
Nemelex Xobeh
Qazlal
Ru
Sif Muna
Vehumet
Yredelemnul
Zin
The Shining One

Shops:
D:7 [

Annotations:
D:4 shwouchk's ghost, novice FoAK
D:6 Leafly's ghost, novice FoFi
D:8 Gastronok; SataraUzumaki's ghost, novice DsGl


Innate Abilities, Weirdness & Mutations

You have a pair of small antennae on your head.
You are completely covered in thin metallic scales (AC +4, rElec).
Your flesh is cold resistant.
A meltable icy envelope protects you from harm (AC +10).
You are immune to freezing clouds.


Message History

The orc warrior is severely wounded.
The orc warrior hits you but does no damage.
The orc priest miscasts a cantrip.
Gastronok bites you but does no damage.
You slash Gastronok!
Gastronok is heavily wounded.
You hit the orc warrior.
You feel better.
The orc warrior is severely wounded.
The orc warrior hits you with a battleaxe!
Gastronok bites you. The orc warrior barely misses you.
Unknown command.
Space bends around you!
You blink.
You feel slightly more hungry. The orc priest closely misses you.
The jelly hits you but does no damage. The orc barely misses you.
The orc priest hits you but does no damage.
The jelly hits you but does no damage.
The orc priest hits you but does no damage.
Gastronok waves his eye-stalks in wide circles.
The air twists around and strikes you!
You die...

..'..................#
..###.#######........#
..#......##########..####.##
..#.........#..............#
..#.........+..............#
###<....#...#.......#......#
.............######(#......#
....#.#.####..#...o.#####+##
......#....?....@J.o..wr..#
....#########.....o.#######
....... ##......# .#.....
#.####.# .#..... #.. o.# ##
##.. .... .(. .. #. ..... #.
##....


You could see Gastronok, an orc warrior, a jelly, an orc priest, a river rat and
an orc.

Vanquished Creatures
  The ghost of cuftamc98 the Stinger, a novice FoVM of Yredelemnul (D:7)
  A two-headed ogre (D:8)
  Sigmund (D:5)
  A spriggan (D:7)
  2 ice beasts
  3 ogres
  A phantom (D:8)
  4 giant frogs
  A scorpion (D:7)
  3 howler monkeys
  2 crimson imps
  3 orc priests
  2 quasits
  2 hounds
  A giant frog skeleton (D:5)
  2 orc wizards
  8 worker ants
  3 gnolls (D:5)
  14 adders
  A shadow imp (D:7)
  2 oozes
  An adder skeleton (D:5)
  3 worms
  2 dart slugs
  9 giant geckos
  23 orcs
  14 giant cockroaches
  5 goblins (D:1)
  7 hobgoblins
  10 jackals
  6 quokkas
  7 ball pythons
  7 bats
  A giant gecko skeleton (D:6)
  8 giant newts
  5 kobolds (D:1)
  4 rats
170 creatures vanquished.

Vanquished Creatures (others)
  A vampire (D:8)
1 creature vanquished.

Grand Total: 171 creatures vanquished

Notes
Turn   | Place    | Note
--------------------------------------------------------------
     0 | Abyss:1  | Gargoyl the Demonspawn Abyssal Knight began the quest for the Orb.
     0 | Abyss:1  | Reached XP level 1. HP: 18/18 MP: 2/2
    45 | Abyss:1  | Noticed a small abomination
    62 | Abyss:1  | Noticed a worldbinder
    65 | Abyss:1  | Noticed a deep elf mage
    65 | Abyss:1  | Noticed a deep elf mage
    65 | D:1      | Escaped the Abyss
   111 | D:1      | Reached * piety under Lugonu
   262 | D:1      | Reached skill level 2 in Armour
   272 | D:1      | Gained mutation: Your flesh is cold resistant. [demonic ancestry]
   272 | D:1      | Reached XP level 2. HP: 16/24 MP: 3/3
  1112 | D:2      | Gained mutation: You have a pair of small antennae on your head. [demonic ancestry]
  1112 | D:2      | Reached XP level 3. HP: 29/29 MP: 4/4
  1486 | D:2      | Gained mutation: You are partially covered in thin metallic scales (AC +2). [demonic ancestry]
  1486 | D:2      | Reached XP level 4. HP: 37/37 MP: 5/5
  1789 | D:2      | Reached ** piety under Lugonu
  1789 | D:2      | Reached skill level 3 in Armour
  2105 | D:3      | Found an opulent altar of Gozag.
  2271 | D:3      | Found a faded altar to an unknown god.
  2308 | D:3      | Found a shattered altar of Ashenzari.
  3077 | D:3      | Found a deep blue altar of Sif Muna.
  3262 | D:4      | Reached skill level 1 in Dodging
  3262 | D:4      | Gained mutation: You are immune to freezing clouds. [demonic ancestry]
  3262 | D:4      | Reached XP level 5. HP: 24/42 MP: 6/6
  3276 | D:4      | Noticed shwouchk's ghost (novice FoAK)
  3474 | D:4      | Found a sparkling altar of Nemelex Xobeh.
  3525 | D:4      | Found a snail-covered altar of Cheibriados.
  3546 | D:4      | Reached skill level 4 in Armour
  3570 | D:4      | Found a staircase to the Ecumenical Temple.
  3625 | D:4      | Found a radiant altar of Vehumet.
  3866 | D:4      | Noticed an ogre
  3872 | D:4      | Gained mutation: You are mostly covered in thin metallic scales (AC +3). [demonic ancestry]
  3872 | D:4      | Reached XP level 6. HP: 48/48 MP: 7/7
  4084 | D:4      | Got an encrusted hand axe
  4088 | D:4      | Identified the +6 hand axe of Dissolution {vamp, -Tele rPois rC- Str+8} (You found it on level 4 of the Dungeon)
  4387 | D:4      | Reached skill level 5 in Armour
  4394 | D:5      | Entered Level 5 of the Dungeon
  4540 | D:5      | Found a glowing golden altar of the Shining One.
  4552 | D:5      | Noticed Sigmund
  4639 | D:5      | Gained mutation: A meltable icy envelope protects you from harm (AC +10). [demonic ancestry]
  4639 | D:5      | Reached XP level 7. HP: 32/54 MP: 8/8
  4646 | D:5      | Killed Sigmund
  4906 | D:5      | Reached skill level 6 in Armour
  4911 | D:5      | Reached *** piety under Lugonu
  5398 | D:6      | Found a glowing drain.
  5412 | Sewer    | Entered a sewer
  5592 | Sewer    | Gained mutation: You are completely covered in thin metallic scales (AC +4, rElec). [demonic ancestry]
  5592 | Sewer    | Reached XP level 8. HP: 61/61 MP: 9/9
  5864 | D:6      | Reached skill level 5 in Fighting
  5864 | D:6      | Reached skill level 7 in Armour
  5864 | D:6      | Reached **** piety under Lugonu
  5907 | D:6      | Noticed Leafly's ghost (novice FoFi)
  6231 | D:7      | Noticed cuftamc98's ghost (novice FoVM)
  6250 | D:7      | Killed cuftamc98's ghost
  6250 | D:7      | Reached skill level 5 in Axes
  6250 | D:7      | Reached skill level 8 in Armour
  6253 | D:7      | Reached XP level 9. HP: 69/69 MP: 11/11
  6390 | D:7      | Found a shadowy altar of Dithmenos.
  6487 | D:7      | Found a basalt altar of Yredelemnul.
  6614 | D:7      | Found an ancient bone altar of Kikubaaqudgha.
  6647 | D:7      | Found a sacrificial altar of Ru.
  6692 | D:7      | Found a stormy altar of Qazlal.
  6798 | D:7      | Found Zuikh's Armour Shop.
  6997 | D:7      | Found a burning altar of Makhleb.
  7093 | D:8      | Noticed SataraUzumaki's ghost (novice DsGl)
  7918 | D:8      | Found a glowing silver altar of Zin.
  7928 | D:8      | Reached skill level 9 in Armour
  8063 | D:8      | Noticed Gastronok
  8089 | D:8      | Killed from afar by Gastronok

Skill      XL: |  1  2  3  4  5  6  7  8  9 |
---------------+----------------------------+-----
Axes           | 2 3 4 5 |  5.9
Armour         | 2 3 4 5 6 8 9 |  9.1
Dodging        | 1 2 |  2.3
Fighting       | 4 5 6 |  6.2
Invocations    | 3 |  3.9
Throwing       | |  0.8
Stealth        | |  0.2

Action                   |  1- 3 |  4- 6 |  7- 9 || total
-------------------------+-------+-------+-------++-------
Melee: Hand axe          |   137 |   233 |   475 ||   845
Throw: Javelin           |       |     1 |     4 ||     5
Invok: Depart the Abyss  |     1 |       |       ||     1
       Bend Space        |       |       |     2 ||     2
       Banish            |       |       |     4 ||     4
  Use: Scroll            |     2 |     2 |    11 ||    15
       Potion            |       |     2 |    12 ||    14
  Eat: Chunk             |     2 |    10 |     7 ||    19
       Bread ration      |       |     1 |     2 ||     3
Armor: Plate armour      |   132 |   294 |   419 ||   845
       Leather armour    |     1 |       |       ||     1
Dodge: Dodged            |    29 |    80 |   167 ||   276
